 Dungeon Crawl Stone Soup version 0.30.0-29-ga12c61a403 (webtiles) character file.

Game seed: 13852284721744622857

21593 qw the Cleaver (level 12, -1/77 HPs)
             Began as a Gargoyle Fighter on June 5, 2023.
             Was a High Priest of Okawaru.
             Engulfed by a cloud of steam (3 damage)
             ... on level 3 of the Lair of Beasts.
             The game lasted 00:05:23 (12344 turns).

qw the Cleaver (Gargoyle Fighter)                  Turns: 12344, Time: 00:05:24

Health: -1/77      AC: 31    Str: 27    XL:     12   Next: 91%
Magic:  14/19      EV: 12    Int: 10    God:    Okawaru [*****.]
Gold:   233        SH:  6    Dex:  9    Spells: 11/11 levels left

rFire   . . .        Y - +4 war axe (venom)
rCold   + . .        c - +0 buckler
rNeg    + . .        s - +8 scale mail of the Sun {Str+3}
rPois   inf          r - +0 helmet
rElec   +            (no cloak)
rCorr   .            h - +2 pair of gloves
SInv    .            (no boots)
Will    .....        (no amulet)
Stlth   +            f - ring of protection from cold
HPRegen 0.32/turn    (no ring)
MPRegen 0.16/turn

%: no passive effects
@: heroic, finesse-ful
A: sickness immunity, AC +8, negative energy resistance 1, electricity
resistance, torment resistance 1, petrification resistance
a: Renounce Religion, Heroism, Finesse, Duel


You were on level 3 of the Lair of Beasts.
You worshipped Okawaru.
Okawaru was extremely pleased with you.
You visited 3 branches of the dungeon, and saw 12 of its levels.

You collected 524 gold pieces.
You spent 291 gold pieces at shops.


Innate Abilities, Weirdness & Mutations

You are immune to sickness and miasma.
Your stone body is resilient. (AC +8)
You are immune to poison.
You resist negative energy. (rN+)
You are resistant to electric shocks. (rElec)
You are resistant to unholy torment.
You are immune to petrification.


   Skills:
 - Level 10.0(15.0) Fighting
 + Level 13.1(18.1) Axes
 - Level 2.2(7.2) Throwing
 - Level 9.1(14.1) Armour
 - Level 2.0(7.0) Dodging
 - Level 6.1(11.1) Shields
 - Level 10.0 Invocations


You had 11 spell levels left.
You didn't know any spells.
Your spell library was empty.

Inventory:

Hand Weapons
 p - a +0 war axe of flaming
 Y - a +4 war axe of venom (weapon)
Missiles
 n - 2 boomerangs (quivered)
Armour
 c - a +0 buckler (worn)
 h - a +2 pair of gloves (worn)
 r - a +0 helmet (worn)
 s - the +8 scale mail of the Sun (worn) {Str+3}
   (You found it on level 2 of the Lair of Beasts)

   Str:       It affects your strength (+3).
Jewellery
 f - a ring of protection from cold (left hand)
 g - a ring of fire
Scrolls
 a - 10 scrolls of identify
 b - a scroll of silence {unknown}
Potions
 d - 5 potions of might
 i - 2 potions of resistance
 j - 2 potions of mutation
 k - 2 potions of attraction
 m - 2 potions of lignification
 o - a potion of magic
 q - 2 potions of curing

Dungeon Overview and Level Annotations

Branches:
Dungeon (8/15)             Temple (1/1) D:7            Lair (3/5) D:8
  Swamp (0/4) Lair:2        Snake (0/4) Lair:3

Altars:
Ashenzari
Cheibriados
Dithmenos
Elyvilon
Fedhas
Gozag
Hepliaklqana
Makhleb
Nemelex Xobeh
Okawaru
Qazlal
Ru
Sif Muna
Trog
Uskayaw
Vehumet
Wu Jian
Xom
Yredelemnul
Zin
The Shining One

Shops:
D:8 *?

Portals:
Abyss: D:3

Annotations:
D:3 2 transporters, qw's ghost, amateur GrFi
D:4 1 runed translucent door, Crazy Yiuf
D:5 2 transporters, qw's ghost, novice GrFi
D:8 2 transporters


Message History

The rime drake is lightly wounded.
You are engulfed in a cloud of scalding steam.
The steam dragon breathes steam at you.
The ball of steam hits you but does no damage.
You hear an angry hiss.
You slice the rime drake!!
The rime drake looks as sick as possible!
The rime drake is almost dead.
You hit the rime drake but do no damage.
The rime drake is poisoned.
You are engulfed in a cloud of scalding steam.
You block the rime drake's attack.
You slash the rime drake!
You kill the rime drake!
Okawaru accepts your kill.
You slash the rime drake!
The rime drake looks as sick as possible!
You are engulfed in a cloud of scalding steam.
The rime drake is engulfed in a cloud of scalding steam.
You block the rime drake's attack.
Your base Throwing skill increases to level 2!
You slash the rime drake!
The rime drake looks as sick as possible!
The rime drake is severely wounded.
You are engulfed in a cloud of scalding steam.
You slice the rime drake!!
You kill the rime drake!
Okawaru accepts your kill.
You slash the elephant!
The elephant is poisoned.
You are engulfed in a cloud of scalding steam.
The ice encasing you melts away.
A rime drake comes into view.
The rime drake hisses angrily.
You hit the elephant.
The elephant looks as sick as possible!
The elephant is moderately wounded.
You are engulfed in a cloud of scalding steam.
You hit the elephant but do no damage.
The elephant looks as sick as possible!
The elephant is moderately wounded.
You are engulfed in a cloud of scalding steam.
You die...

## ##.# #.##?...##
.........# #.........
.........# #### ..k...¤#
####..## . #.Y#¤##
#.#....# #..##¤@¤¤#
##......# .¤.¤..%#%¤#
##...[...## ...D¤¤.¤¤.##
#.........#
.¤......#..###......####
kk.¤.##.#..#.......##
.#..# ####.......#.# ###
#....#.#### #....###
#...##


You could see an elephant (extremely poisoned), 3 rime drakes and a steam dragon
(catching breath).

Vanquished Creatures
  3 hydras (Lair:3)
  A catoblepas (Lair:3)
  Erica (D:8)
  A skyshark (Lair:3)
  2 bog bodies (Lair:2)
  Pikel (D:8)
  An oklob plant (Lair:2)
  6 elephants
  2 black mambas
  6 cane toads
  A komodo dragon (Lair:3)
  10 rime drakes
  2 polar bears
  4 blink frogs (Lair:1)
  Grinder (D:4)
  A dream sheep (Lair:3)
  Sigmund (D:6)
  9 yaks
  2 wyverns
  A basilisk (Lair:3)
  5 steam dragons
  Menkaure (D:4)
  4 nagas (Lair:3)
  2 swamp worms (Lair:2)
  Duvessa (D:7)
  7 water moccasins
  2 sky beasts (D:7)
  2 black bears (D:8)
  An orc warrior (D:8)
  2 ogres
  3 lemures (D:8)
  2 centaurs
  2 phantoms
  4 kobold brigands
  11 bullfrogs
  4 scorpions
  10 wights
  Dowan (D:7)
  6 howler monkeys
  An electric eel (Lair:2)
  A jelly (D:5)
  4 orc priests
  5 sleepcaps
  4 iguanas
  5 orc wizards
  4 gnolls (D:2)
  3 adders
  3 worms (D:2)
  5 dart slugs
  25 orcs
  4 endoplasms
  2 giant cockroaches
  5 goblins
  4 hobgoblins
  28 kobolds
  4 quokkas
  10 ball pythons
  4 bats
  2 frilled lizards (D:1)
  4 rats
253 creatures vanquished.

Notes
Turn   | Place    | Note
-------+----------+-------------------------------------------
     0 | D:1      | qw the Gargoyle Fighter began the quest for the Orb.
     0 | D:1      | Reached XP level 1. HP: 14/14 MP: 1/1
     0 | D:1      | 0 ||| qw: Version: 0.2-a-108-gee2c290
     0 | D:1      | 0 ||| qw: Game counter: 1402
     0 | D:1      | 0 ||| qw: Always use a shield: true
     0 | D:1      | 0 ||| qw: God list: Okawaru
     0 | D:1      | 0 ||| qw: Allow faded altars: false
     0 | D:1      | 0 ||| qw: Do Orc after D:15 true
     0 | D:1      | 0 ||| qw: Do second Lair branch before Depths: true
     0 | D:1      | 0 ||| qw: Lair rune preference: random
     0 | D:1      | 0 ||| qw: Plans: Normal, Zot:1-4, Slime:5, God:TSO, Crypt,
                  | Tomb, Abyss, Pan, Hells, Win
     0 | D:1      | 0 ||| PLANNING D:1-11
    23 | D:1      | Reached skill level 2 in Axes
   196 | D:1      | Reached XP level 2. HP: 18/19 MP: 2/2
   257 | D:1      | 257 ||| Stepping ~*~*~tactically~*~*~ (stealth).
   259 | D:1      | 259 ||| Stepping ~*~*~tactically~*~*~ (stealth).
   261 | D:1      | 261 ||| Stepping ~*~*~tactically~*~*~ (stealth).
   833 | D:1      | 833 ||| READING 2 scrolls labelled POOSHR HIPTOCOZO.
   834 | D:1      | 834 ||| READING scroll labelled ESUBUL ITWECSU.
   835 | D:1      | 835 ||| READING scroll labelled SANEUF ROUP LYGEC.
   908 | D:2      | Reached skill level 3 in Axes
  1007 | D:2      | Reached XP level 3. HP: 23/23 MP: 3/3
  1660 | D:2      | 1660 ||| Stepping ~*~*~tactically~*~*~ (stealth).
  1668 | D:2      | Reached XP level 4. HP: 28/28 MP: 4/4
  1669 | D:2      | Reached skill level 4 in Axes
  1711 | D:2      | 1711 ||| DROPPING +0 club.
  1714 | D:2      | 1714 ||| DROPPING +2 whip of freezing.
  1807 | D:2      | 1807 ||| READING scroll labelled XAILYRR MEWAEPT.
  1808 | D:2      | 1808 ||| READING scroll labelled VUWUCL OVYFIG.
  1809 | D:2      | 1809 ||| READING scroll labelled KEOFRU MO IHUMP.
  1810 | D:2      | 1810 ||| READING scroll labelled WIL POREOZ.
  1811 | D:2      | 1811 ||| READING 2 scrolls of identify.
  1811 | D:2      | 1811 ||| IDENTIFYING bubbling dark potion
  1812 | D:2      | 1812 ||| DROPPING potion of berserk rage.
  1838 | D:3      | Found a transporter.
  1843 | D:3      | Found a one-way gate to the infinite horrors of the Abyss.
  1843 | D:3      | Noticed qw's ghost (amateur GrFi)
  1851 | D:3      | Noticed a small abomination
  1935 | D:3      | Found a transporter.
  1939 | D:3      | 1939 ||| Stepping ~*~*~tactically~*~*~ (hiding).
  2241 | D:3      | 2241 ||| Stepping ~*~*~tactically~*~*~ (stealth).
  2243 | D:3      | 2243 ||| Stepping ~*~*~tactically~*~*~ (hiding).
  2248 | D:3      | Reached XP level 5. HP: 32/32 MP: 5/5
  2258 | D:3      | 2258 ||| Stepping ~*~*~tactically~*~*~ (stealth).
  2259 | D:3      | 2259 ||| Stepping ~*~*~tactically~*~*~ (stealth).
  2620 | D:3      | 2620 ||| Stepping ~*~*~tactically~*~*~ (stealth).
  2629 | D:3      | Reached skill level 5 in Axes
  2781 | D:3      | 2781 ||| Stepping ~*~*~tactically~*~*~ (stealth).
  2837 | D:3      | 2837 ||| UPGRADING to +0 pair of gloves.
  2842 | D:3      | 2842 ||| UPGRADING to +0 plate armour.
  2852 | D:3      | 2852 ||| DROPPING +0 scale mail.
  2853 | D:3      | 2853 ||| READING 2 scrolls labelled JIXZUZOYPN.
  2854 | D:3      | 2854 ||| DRINKING 2 fuming sapphire potions.
  2855 | D:3      | 2855 ||| READING 4 scrolls of identify.
  2855 | D:3      | 2855 ||| IDENTIFYING murky golden potion
  2856 | D:3      | 2856 ||| READING 3 scrolls of identify.
  2856 | D:3      | 2856 ||| IDENTIFYING metallic puce potion
  2857 | D:3      | 2857 ||| READING 2 scrolls of identify.
  2857 | D:3      | 2857 ||| IDENTIFYING fuming purple potion
  2858 | D:3      | 2858 ||| DROPPING scroll of fear.
  2882 | D:4      | 2882 ||| Stepping ~*~*~tactically~*~*~ (stealth).
  2886 | D:4      | Noticed Grinder
  2892 | D:4      | Reached XP level 6. HP: 30/39 MP: 6/6
  2896 | D:4      | Paralysed by Grinder for 5 turns
  2899 | D:4      | HP: 9/39 [scorpion (6)]
  2901 | D:4      | 2901 ||| DRINKING potion of heal wounds.
  2907 | D:4      | Killed Grinder
  2908 | D:4      | Reached skill level 6 in Axes
  2908 | D:4      | Reached XP level 7. HP: 32/44 MP: 7/7
  2910 | D:4      | HP: 4/44 [ogre/+0 giant spiked club (15)]
  3165 | D:4      | Found a runed translucent door.
  3166 | D:4      | Noticed Crazy Yiuf
  3252 | D:4      | Noticed Menkaure
  3260 | D:4      | Killed Menkaure
  3261 | D:4      | Reached skill level 7 in Axes
  3457 | D:4      | Reached XP level 8. HP: 38/49 MP: 8/8
  3460 | D:4      | 3460 ||| FLEEEEING.
  3462 | D:4      | 3462 ||| FLEEEEING.
  3463 | D:4      | 3463 ||| FLEEEEING.
  3464 | D:4      | 3464 ||| FLEEEEING.
  3465 | D:4      | 3465 ||| FLEEEEING.
  3466 | D:4      | 3466 ||| FLEEEEING.
  3467 | D:4      | 3467 ||| FLEEEEING.
  3468 | D:4      | 3468 ||| FLEEEEING.
  3470 | D:4      | 3470 ||| FLEEEEING.
  3471 | D:4      | 3471 ||| FLEEEEING.
  3472 | D:4      | 3472 ||| FLEEEEING.
  3473 | D:4      | 3473 ||| FLEEEEING.
  3474 | D:4      | 3474 ||| FLEEEEING.
  3475 | D:4      | 3475 ||| FLEEEEING.
  3477 | D:4      | 3477 ||| FLEEEEING.
  3478 | D:4      | 3478 ||| FLEEEEING.
  3479 | D:4      | 3479 ||| FLEEEEING.
  3480 | D:4      | 3480 ||| FLEEEEING.
  3893 | D:4      | 3893 ||| READING scroll labelled SEUCAJ ULLUNNA.
  3894 | D:4      | 3894 ||| READING scroll labelled YSOUHEHIAB.
  3946 | D:4      | 3946 ||| DRINKING 2 glowing ruby potions.
  3979 | D:4      | 3979 ||| DRINKING 2 bubbling black potions.
  3982 | D:4      | 3982 ||| DROPPING potion of ambrosia.
  4022 | D:5      | Entered Level 5 of the Dungeon
  4091 | D:5      | Reached skill level 1 in Dodging
  4133 | D:5      | Noticed a hornet
  4170 | D:5      | Found a transporter.
  4175 | D:5      | Found a transporter.
  4483 | D:5      | Found a radiant altar of Vehumet.
  4594 | D:5      | 4594 ||| Stepping ~*~*~tactically~*~*~ (hiding).
  4599 | D:5      | Reached skill level 1 in Throwing
  4599 | D:5      | 4599 ||| Stepping ~*~*~tactically~*~*~ (hiding).
  4624 | D:5      | 4624 ||| Stepping ~*~*~tactically~*~*~ (stealth).
  4627 | D:5      | Found a snail-covered altar of Cheibriados.
  4757 | D:5      | Noticed qw's ghost (novice GrFi)
  4796 | D:5      | 4796 ||| READING scroll labelled LEN ZYZERU.
  4797 | D:5      | 4797 ||| DRINKING 2 black potions.
  4798 | D:5      | 4798 ||| READING 3 scrolls of identify.
  4798 | D:5      | 4798 ||| IDENTIFYING murky red potion
  4799 | D:5      | 4799 ||| DROPPING potion of brilliance.
  4800 | D:5      | 4800 ||| DROPPING potion of invisibility.
  4829 | D:6      | Found a hide-covered altar of Uskayaw.
  5040 | D:6      | Noticed Sigmund
  5051 | D:6      | Killed Sigmund
  5052 | D:6      | Reached skill level 8 in Axes
  5229 | D:6      | 5229 ||| Stepping ~*~*~tactically~*~*~ (hiding).
  5238 | D:6      | HP: 11/50 [orc priest/divine providence (14)]
  5239 | D:6      | 5239 ||| READING scroll of teleportation.
  5240 | D:6      | 5240 ||| DRINKING potion of heal wounds.
  5439 | D:6      | 5439 ||| Stepping ~*~*~tactically~*~*~ (stealth).
  5442 | D:6      | 5442 ||| Stepping ~*~*~tactically~*~*~ (hiding).
  5459 | D:6      | Reached skill level 6 in Fighting
  5626 | D:6      | 5626 ||| Stepping ~*~*~tactically~*~*~ (cloud).
  5628 | D:6      | 5628 ||| Stepping ~*~*~tactically~*~*~ (cloud).
  5859 | D:6      | 5859 ||| Stepping ~*~*~tactically~*~*~ (hiding).
  5926 | D:6      | Found a bloodstained altar of Trog.
  5999 | D:6      | 5999 ||| UPGRADING to +0 helmet.
  6004 | D:6      | 6004 ||| READING scroll labelled ZUM BOJOWA.
  6005 | D:6      | 6005 ||| DRINKING 2 metallic golden potions.
  6006 | D:6      | 6006 ||| DRINKING 3 murky purple potions.
  6073 | D:7      | Reached XP level 9. HP: 55/55 MP: 9/9
  6104 | D:7      | 6104 ||| Stepping ~*~*~tactically~*~*~ (hiding).
  6130 | D:7      | Reached skill level 9 in Axes
  6177 | D:7      | Found a staircase to the Ecumenical Temple.
  6178 | D:7      | 6178 ||| PLANNING TEMPLE
  6189 | Temple   | Entered the Ecumenical Temple
  6189 | Temple   | Found a transporter.
  6189 | Temple   | Found a transporter.
  6191 | Temple   | Found a transporter.
  6191 | Temple   | Found a transporter.
  6201 | Temple   | 6201 ||| PLANNING D:1-11
  6206 | Temple   | 6206 ||| PLANNING OKAWARU WORSHIP
  6213 | Temple   | Became a worshipper of Warmaster Okawaru
  6213 | Temple   | 6213 ||| PLANNING D:1-11
  6254 | D:7      | Noticed Duvessa
  6273 | D:7      | Killed Duvessa
  6274 | D:7      | Reached skill level 6 in Armour
  6274 | D:7      | 6274 ||| FLEEEEING.
  6279 | D:7      | 6279 ||| FLEEEEING.
  6280 | D:7      | 6280 ||| FLEEEEING.
  6281 | D:7      | 6281 ||| FLEEEEING.
  6359 | D:7      | Noticed Dowan
  6360 | D:7      | 6360 ||| Stepping ~*~*~tactically~*~*~ (hiding).
  6371 | D:7      | Killed Dowan
  6463 | D:7      | 6463 ||| Stepping ~*~*~tactically~*~*~ (stealth).
  6689 | D:7      | 6689 ||| SWAPPING to +2 war axe of venom.
  6690 | D:7      | 6690 ||| DROPPING +1 war axe.
  6700 | D:7      | Reached * piety under Okawaru
  7212 | D:7      | 7212 ||| READING scroll labelled NOTZYE FAEP.
  7258 | D:8      | Reached skill level 1 in Invocations
  7303 | D:8      | 7303 ||| INVOKING Heroism.
  7355 | D:8      | 7355 ||| INVOKING Heroism.
  7362 | D:8      | Reached skill level 3 in Invocations
  7363 | D:8      | Reached skill level 10 in Axes
  7363 | D:8      | Reached XP level 10. HP: 62/63 MP: 8/12
  7417 | D:8      | Noticed Erica
  7418 | D:8      | 7418 ||| DRINKING 2 potions of curing.
  7418 | D:8      | 7418 ||| (to cure confusion)
  7436 | D:8      | Killed Erica
  7649 | D:8      | 7649 ||| Stepping ~*~*~tactically~*~*~ (stealth).
  7652 | D:8      | Reached ** piety under Okawaru
  7720 | D:8      | Found a transporter.
  7721 | D:8      | Found a transporter.
  7721 | D:8      | Noticed a boulder beetle
  7880 | D:8      | Found The Oracle's Delphic Readings.
  7884 | D:8      | 7884 ||| BUYING scroll of enchant armour (105 gold).
  7884 | D:8      | Bought a scroll of enchant armour for 105 gold pieces
  7884 | D:8      | 7884 ||| BUYING scroll of identify (28 gold).
  7884 | D:8      | Bought a scroll of identify for 28 gold pieces
  7884 | D:8      | 7884 ||| BUYING scroll of teleportation (42 gold).
  7884 | D:8      | Bought a scroll of teleportation for 42 gold pieces
  7884 | D:8      | 7884 ||| READING scroll of enchant armour.
  7884 | D:8      | 7884 ||| ENCHANTING +0 pair of gloves.
  7975 | D:8      | Found Pehynug's Fire Supplies.
  7981 | D:8      | 7981 ||| BUYING +0 war axe of flaming (116 gold).
  7981 | D:8      | Bought a +0 war axe of flaming for 116 gold pieces
  7981 | D:8      | 7981 ||| SHOPLISTING +2 plate armour of fire resistance
                  | (560 gold, have 84).
  7981 | D:8      | 7981 ||| SHOPLISTING ring "Vazuxzowk" {Fire Dex+3} (536
                  | gold, have 84).
  7981 | D:8      | 7981 ||| SHOPLISTING ring of fire (350 gold, have 84).
  7981 | D:8      | 7981 ||| SHOPLISTING ring of protection from fire (350
                  | gold, have 84).
  7981 | D:8      | 7981 ||| DROPPING +0 flail.
  8006 | D:8      | Noticed Pikel
  8016 | D:8      | Killed Pikel
  8072 | D:8      | Found an opulent altar of Gozag.
  8074 | D:8      | Found a sparkling altar of Nemelex Xobeh.
  8191 | D:8      | Found a staircase to the Lair.
  8192 | D:8      | 8192 ||| INVOKING Heroism.
  8229 | D:8      | 8229 ||| PLANNING LAIR
  8229 | D:8      | 8229 ||| UPGRADING to ring of protection from cold.
  8234 | Lair:1   | Entered Level 1 of the Lair of Beasts
  8276 | Lair:1   | Noticed a cane toad
  8277 | Lair:1   | 8277 ||| INVOKING Heroism.
  8286 | Lair:1   | Killed a cane toad
  8424 | Lair:1   | 8424 ||| INVOKING Heroism.
  8426 | Lair:1   | Noticed a cane toad
  8440 | Lair:1   | Killed a cane toad
  8440 | Lair:1   | Reached *** piety under Okawaru
  8441 | Lair:1   | Reached skill level 11 in Axes
  8445 | Lair:1   | 8445 ||| INVOKING Heroism.
  8456 | Lair:1   | Reached XP level 11. HP: 27/69 MP: 12/14
  8459 | Lair:1   | HP: 16/69 [blink frog (8)]
  8460 | Lair:1   | 8460 ||| READING 3 scrolls of teleportation.
  8470 | Lair:1   | HP: 16/69 [blink frog (4)]
  8471 | Lair:1   | 8471 ||| READING 2 scrolls of teleportation.
  8474 | Lair:1   | 8474 ||| INVOKING Heroism.
  8476 | Lair:1   | Reached skill level 9 in Fighting
  8852 | Lair:1   | 8852 ||| INVOKING Heroism.
  9093 | Lair:1   | You fall into a shaft and drop 1 floor!
  9094 | Lair:2   | 9094 ||| INVOKING Heroism.
  9487 | Lair:2   | 9487 ||| READING scroll of enchant weapon.
  9487 | Lair:2   | 9487 ||| ENCHANTING +2 war axe of venom.
  9488 | Lair:2   | 9488 ||| DROPPING +3 war axe.
  9546 | Lair:2   | Noticed a bog body
  9547 | Lair:2   | 9547 ||| FLEEEEING.
  9554 | Lair:2   | Killed a bog body
  9778 | Lair:2   | 9778 ||| Stepping ~*~*~tactically~*~*~ (stealth).
  9780 | Lair:2   | 9780 ||| INVOKING Heroism.
  9782 | Lair:2   | 9782 ||| Stepping ~*~*~tactically~*~*~ (stealth).
  9788 | Lair:2   | Reached **** piety under Okawaru
  9789 | Lair:2   | Reached skill level 12 in Axes
  9798 | Lair:2   | Reached skill level 6 in Shields
  9805 | Lair:2   | Received a gift from Okawaru
  9994 | Lair:2   | 9994 ||| INVOKING Heroism.
 10058 | Lair:2   | 10058 ||| INVOKING Heroism.
 10182 | Lair:2   | Reached ***** piety under Okawaru
 10183 | Lair:2   | Reached skill level 6 in Invocations
 10185 | Lair:2   | 10185 ||| INVOKING Heroism.
 10404 | Lair:2   | Identified the +8 scale mail of the Sun {Str+3}
 10433 | Lair:2   | 10433 ||| READING scroll of enchant weapon.
 10433 | Lair:2   | 10433 ||| ENCHANTING +3 war axe of venom.
 10435 | Lair:2   | Noticed an oklob plant
 10436 | Lair:2   | 10436 ||| INVOKING Heroism.
 10455 | Lair:2   | Killed an oklob plant
 10456 | Lair:2   | Reached skill level 9 in Armour
 10614 | Lair:2   | Reached XP level 12. HP: 65/76 MP: 15/17
 10792 | Lair:2   | 10792 ||| Stepping ~*~*~tactically~*~*~ (hiding).
 10795 | Lair:2   | 10795 ||| INVOKING Heroism.
 10813 | Lair:2   | Found a staircase to the Swamp.
 11095 | Lair:2   | 11095 ||| UPGRADING to +8 scale mail of the Sun {Str+3}.
 11105 | Lair:2   | 11105 ||| DROPPING +0 plate armour.
 11106 | Lair:2   | 11106 ||| READING 10 scrolls of identify.
 11106 | Lair:2   | 11106 ||| IDENTIFYING sapphire potion
 11107 | Lair:2   | 11107 ||| DROPPING potion of degeneration.
 11138 | Lair:3   | 11138 ||| READING scroll of enchant armour.
 11138 | Lair:3   | 11138 ||| ENCHANTING +1 pair of gloves.
 11153 | Lair:3   | Found a staircase to the Snake Pit.
 11164 | Lair:3   | 11164 ||| INVOKING Heroism.
 11167 | Lair:3   | HP: 18/77 [naga/+0 battleaxe (3)]
 11168 | Lair:3   | 11168 ||| READING 2 scrolls of teleportation.
 11172 | Lair:3   | HP: 19/77 [constriction (1)]
 11175 | Lair:3   | 11175 ||| Stepping ~*~*~tactically~*~*~ (hiding).
 11176 | Lair:3   | 11176 ||| READING scroll of teleportation.
 11182 | Lair:3   | Received a gift from Okawaru
 11435 | Lair:3   | 11435 ||| Stepping ~*~*~tactically~*~*~ (stealth).
 11437 | Lair:3   | 11437 ||| Stepping ~*~*~tactically~*~*~ (hiding).
 11462 | Lair:3   | 11462 ||| Stepping ~*~*~tactically~*~*~ (stealth).
 11476 | Lair:3   | 11476 ||| Stepping ~*~*~tactically~*~*~ (stealth).
 11582 | Lair:3   | 11582 ||| INVOKING Heroism.
 11635 | Lair:3   | 11635 ||| INVOKING Heroism.
 11776 | Lair:3   | Noticed a catoblepas
 11777 | Lair:3   | 11777 ||| INVOKING Heroism.
 11785 | Lair:3   | Killed a catoblepas
 11928 | Lair:3   | Noticed a seven-headed hydra
 11929 | Lair:3   | 11929 ||| INVOKING Heroism.
 11929 | Lair:3   | Noticed an eight-headed hydra
 11931 | Lair:3   | 11931 ||| SWAPPING to +0 war axe of flaming.
 11933 | Lair:3   | Killed a five-headed hydra
 11938 | Lair:3   | Killed a four-headed hydra
 11939 | Lair:3   | 11939 ||| SWAPPING to +4 war axe of venom.
 11948 | Lair:3   | Reached skill level 9 in Invocations
 12186 | Lair:3   | 12186 ||| Stepping ~*~*~tactically~*~*~ (stealth).
 12191 | Lair:3   | Noticed a skyshark
 12204 | Lair:3   | Killed a skyshark
 12223 | Lair:3   | 12223 ||| Stepping ~*~*~tactically~*~*~ (stealth).
 12224 | Lair:3   | 12224 ||| Stepping ~*~*~tactically~*~*~ (stealth).
 12247 | Lair:3   | 12247 ||| INVOKING Heroism.
 12256 | Lair:3   | 12256 ||| Stepping ~*~*~tactically~*~*~ (cloud).
 12257 | Lair:3   | 12257 ||| Stepping ~*~*~tactically~*~*~ (cloud).
 12277 | Lair:3   | 12277 ||| Stepping ~*~*~tactically~*~*~ (stealth).
 12279 | Lair:3   | 12279 ||| Stepping ~*~*~tactically~*~*~ (stealth).
 12283 | Lair:3   | 12283 ||| INVOKING Heroism.
 12289 | Lair:3   | 12289 ||| Stepping ~*~*~tactically~*~*~ (cloud).
 12305 | Lair:3   | 12305 ||| Stepping ~*~*~tactically~*~*~ (stealth).
 12308 | Lair:3   | 12308 ||| Stepping ~*~*~tactically~*~*~ (stealth).
 12311 | Lair:3   | 12311 ||| Stepping ~*~*~tactically~*~*~ (stealth).
 12318 | Lair:3   | Noticed a seven-headed hydra
 12323 | Lair:3   | 12323 ||| INVOKING Finesse.
 12323 | Lair:3   | HP: 18/77 [steam dragon (2)]
 12326 | Lair:3   | 12326 ||| SWAPPING to +0 war axe of flaming.
 12329 | Lair:3   | HP: 12/77 [steam dragon] (3)]
 12334 | Lair:3   | Killed a one-headed hydra
 12334 | Lair:3   | Identified the +0 cloak of Integrity {Fly rElec rPois
                  | Int+2} (Okawaru gifted it to you on level 3 of the Lair of
                  | Beasts)
 12334 | Lair:3   | Received a gift from Okawaru
 12335 | Lair:3   | Reached skill level 13 in Axes
 12335 | Lair:3   | 12335 ||| SWAPPING to +4 war axe of venom.
 12336 | Lair:3   | HP: 2/77 [rime drake/icy flash freeze (4)]
 12344 | Lair:3   | Engulfed by a cloud of steam

Levels and vault maps discovered:
D:1:      wander_arrival_desolate, layout_loops_ring, serial_bayou_lagoon_b
D:2:      layout_basic
D:3:      layout_basic, gammafunk_ghost_abyssal_escape,
          minmay_fractal_squares_gapless_5
D:4:      minmay_inner_zag, layout_basic, minmay_circle_x, uniq_menkaure,
          uniq_grinder, uniq_crazy_yiuf_cottage
D:5:      nicolae_cairo_tiling_large_dashed, layout_basic,
          mainiacjoe_overflow_six_doors_small, general_overflow_altar,
          serial_curves, eino_curves_04, eino_curves_02, gammafunk_ghost_hive
D:6:      layout_layer_cave, lightli_temple_of_fire, kennysheep_mini,
          grunt_ministairs_7, serial_park_tiny_2, uniq_sigmund
D:7:      layout_loops_corners, minmay_temple_entry_tees,
          kennysheep_minor_cross, uniq_duvessa
D:8:      gammafunk_boulding_lane, layout_basic, grunt_temple_overflow_opulence,
          grunt_lair_entry_orc_guard_hut, nicolae_shop_fire_sale
          [nicolae_sub_dead_trees], nicolae_nh_oracle_at_delphi, uniq_erica,
          uniq_pikel
Temple:   hellmonk_temple_divided_pantheon
Lair:1:   layout_cave_pods
Lair:2:   layout_chaotic_city, nicolae_swamp_entry_splash_gauntlet,
          nicolae_volcano_entry_s_turn
Lair:3:   nzn_winding_woodlands_cross [nzn_winding_woodlands_5x15_sawtooth,
          nzn_winding_woodlands_5x15_eye, nzn_winding_woodlands_5x15_twine,
          nzn_winding_woodlands_5x15_longhouse,
          nzn_winding_woodlands_15x15_boxy_spiral], layout_cave_pods,
          guppyfry_snake_entry_island, minmay_stone_trees_small, st_stairs_12,
          roderic_batcave, bobbens_dragon_lair_wall

Skill      XL: |  1  2  3  4  5  6  7  8  9 10 11 12 |
---------------+-------------------------------------+-----
Axes           | 2 3 4 5 6 7 8 10 11 12 13 | 13.1
Fighting       | 4 5 6 7 8 9 10 | 10.0
Armour         | 4 5 6 7 9 |  9.1
Dodging        | 1 2 |  2.0
Throwing       | 1 2 |  2.2
Shields        | 4 5 6 |  6.1
Invocations    | 3 4 6 10 | 10.0

Action                     |  1- 3 |  4- 6 |  7- 9 | 10-12 || total
---------------------------+-------+-------+-------+-------++-------
  Melee: War axe           |   106 |    88 |   271 |   438 ||   903
  Throw: Boomerang         |       |     3 |    44 |    58 ||   105
 Invoke: Heroism           |       |       |     2 |    20 ||    22
         Finesse           |       |       |       |     1 ||     1
    Use: Scroll            |     3 |     9 |     7 |     9 ||    28
         Potion            |       |     2 |     6 |     1 ||     9
 Armour: Scale mail        |    48 |    25 |       |   115 ||   188
         Plate armour      |       |    33 |   127 |   142 ||   302
  Dodge: Dodged            |    55 |    32 |    65 |   132 ||   284
  Block: Buckler           |    17 |    26 |    49 |    90 ||   182

Table legend:
 A = Non-vault XP
 B = Vault XP
 C = Vault XP percentage of total XP
 D = Non-vault monster count
 E = Vault monster count
 F = Vault count percentage of total count
                 A         B        C        D         E       F
            +---------+---------+-------+---------+---------+-------
      Total |   17217 |   13631 |  44.2 |     187 |      63 |  25.2
            +---------+---------+-------+---------+---------+-------
        D:1 |      25 |       0 |   0.0 |      15 |       0 |   0.0
        D:2 |     111 |       0 |   0.0 |      23 |       0 |   0.0
        D:3 |     126 |       5 |   3.8 |      22 |       2 |   8.3
        D:4 |      44 |     995 |  95.8 |       7 |      16 |  69.6
        D:5 |     175 |       0 |   0.0 |       7 |       0 |   0.0
        D:6 |     410 |     456 |  52.7 |      10 |       3 |  23.1
        D:7 |    1335 |     215 |  13.9 |      31 |       2 |   6.1
        D:8 |    1098 |    2362 |  68.3 |      27 |       9 |  25.0
     Lair:1 |    3140 |       0 |   0.0 |      12 |       0 |   0.0
     Lair:2 |    7596 |    1773 |  18.9 |      26 |       5 |  16.1
     Lair:3 |    3157 |    7825 |  71.3 |       7 |      26 |  78.8
            +---------+---------+-------+---------+---------+-------
